 Dungeon Crawl Stone Soup version 0.28-a0-422-gd71735cc25 (webtiles) character file.

Game seed: 11327845274961500944

94 wakim the Magician (level 4, -10/33 HPs)
             Began as a Djinni Fire Elementalist on Sept 8, 2021.
             Mangled by Crazy Yiuf (12 damage)
             ... on level 2 of the Dungeon.
             The game lasted 00:05:29 (2827 turns).

wakim the Magician (Djinni Fire Elementalist)       Turns: 2827, Time: 00:05:29

Health: -10/33     AC:  4    Str:  7    XL:     4   Next: 94%
Gold:   92         EV: 12    Int: 18    God:
                   SH:  0    Dex: 13

rFire   + + .      SeeInvis .   a - +1 short sword (protect)
rCold   x . .      Faith    .   (no shield)
rNeg    . . .      Spirit   .   b - +0 robe
rPois   ∞          Reflect  .   (no helmet)
rElec   .          Harm     .   (no cloak)
rCorr   .          Rampage  .   e - +1 pair of gloves
Will    .....                   (boots unavailable)
Stlth   ++........              (no amulet)
HPRegen 0.11/turn               (no ring)
MPRegen 0.00/turn               (no ring)

@: flying, very slightly contaminated
A: sickness immunity, fire resistance 2, cold vulnerability 1, float, innate
caster, hp casting, extra vitality 1
a: no special abilities


You were on level 2 of the Dungeon.
You visited 1 branch of the dungeon, and saw 2 of its levels.

You collected 92 gold pieces.

Inventory:

Hand Weapons
 a - a +1 short sword of protection (weapon)
Armour
 b - a +0 robe (worn)
 e - a +1 pair of gloves (worn)
Scrolls
 d - a scroll of enchant armour {unknown}
 h - a scroll of magic mapping {unknown}
 j - a scroll of identify {unknown}
Potions
 c - a potion of mutation {unknown}
 f - a potion of attraction {unknown}
 g - a potion of curing {unknown}
 i - a potion of heal wounds {unknown}


   Skills:
 + Level 2.0 Fighting
 - Level 2.1 Dodging
 - Level 1.5 Stealth
 * Level 3.6 Spellcasting


You couldn't memorise any spells.
You knew the following spells:

 Your Spells              Type           Power      Damage    Failure   Level
a - Foxfire               Conj/Fire      64%        2x1d7     3%          1
b - Scorch                Fire           32%        2d6       4%          2
c - Inner Flame           Hex/Fire       16%        N/A       10%         3
d - Conjure Flame         Conj/Fire      16%        6-21      10%         3
e - Flame Wave            Conj/Fire      16%        3d5       32%         4
f - Apportation           Tloc           32%        N/A       3%          1
Your spell library was empty.

Dungeon Overview and Level Annotations

Branches:
Dungeon (2/15)

Altars:

Annotations:
D:2 Crazy Yiuf


Innate Abilities, Weirdness & Mutations

You are immune to sickness and miasma.
You are immune to poison.
Your flesh is very heat resistant. (rF++)
You are vulnerable to cold. (rC-)
You float through the air rather than walking.
You learn spells naturally, not from books.
Your magical power is your life essence.
You have superior vitality. (+4 HP)


Message History

Aim: Crazy Yiuf, wielding a +4 quarterstaff of chaos and wearing a +1 cloak (chance to affect: 78%)
You miscast Inner Flame.
You are very lightly contaminated with residual magic.
Nothing appears to happen.
Crazy Yiuf closely misses you.
Casting: Inner Flame (quite dangerous; 10% risk of failure)
Confirm with . or Enter, or press ? or * to list all spells.
The spell is quite dangerous to cast (10% risk of failure)!
Continue anyway?
Aiming: Inner Flame (quite dangerous; 10% risk of failure)
Press: ? - help, Shift-Dir - straight line, f/p - Crazy Yiuf
Aim: Crazy Yiuf, wielding a +4 quarterstaff of chaos and wearing a +1 cloak (chance to affect: 78%) Crazy Yiuf is filled with an inner flame.
Crazy Yiuf hits you with a +4 quarterstaff of chaos.
Casting: Inner Flame (quite dangerous; 10% risk of failure)
Confirm with . or Enter, or press ? or * to list all spells.
You conjure some foxfire!
Crazy Yiuf hits you with a +4 quarterstaff of chaos!
* * * LOW HITPOINT WARNING * * *
Crazy Yiuf burns you.
* * * LOW HITPOINT WARNING * * *
The foxfire hits Crazy Yiuf.
Flame seeps out of Crazy Yiuf.
Crazy Yiuf is moderately wounded.
The foxfire hits Crazy Yiuf.
Flame seeps out of Crazy Yiuf.
Crazy Yiuf is heavily wounded.
Crazy Yiuf is engulfed in blazing flames.
Flame seeps out of Crazy Yiuf.
Casting: Foxfire (safe; 3% risk of failure)
Confirm with . or Enter, or press ? or * to list all spells.
You conjure some foxfire!
* * * LOW HITPOINT WARNING * * *
Crazy Yiuf hits you with a +4 quarterstaff of chaos.
* * * LOW HITPOINT WARNING * * *
Your foxfire dissipates!
The foxfire hits Crazy Yiuf but does no damage.
Crazy Yiuf is almost dead.
Casting: Foxfire (safe; 3% risk of failure)
Confirm with . or Enter, or press ? or * to list all spells.
You conjure some foxfire!
* * * LOW HITPOINT WARNING * * *
Crazy Yiuf hits you with a +4 quarterstaff of chaos!
You die...

...# #.........................
...# #######......######.######
...########......................
........<....#......#############
.............#......#
##...........#......#
#...........#......##♣♣ ##
#...........#..§v..#.P♣♣ ♣♣#..)
#...........#..@g....PP♣♣♣♣.'...
#...........#..v.....P..♣..♣#...
#...........#......#...♣.♣♣♣ ##
#...........#......##♣♣♣♣♣
#...........#......#
##...........####...#############
.#...........####....##..........
.#...................##..........
.........##.......)..##..........


You could see Crazy Yiuf (inner flame, ally target).

Vanquished Creatures
  Terence (D:2)
  3 adders (D:2)
  A dart slug (D:2)
  3 bats
  An endoplasm (D:1)
  4 goblins
  4 hobgoblins
  3 jackals (D:1)
  3 quokkas (D:2)
  4 ball pythons
  6 frilled lizards
  3 kobolds (D:1)
  5 rats
41 creatures vanquished.

Vanquished Creatures (others)
  36 foxfires
36 creatures vanquished.

Grand Total: 77 creatures vanquished

Notes
Turn   | Place    | Note
-------+----------+-------------------------------------------
     0 | D:1      | wakim the Djinni Fire Elementalist began the quest for the
                  | Orb.
     0 | D:1      | Reached XP level 1. HP: 15/15 MP: 0/0
   438 | D:1      | Reached XP level 2. HP: 19/21 MP: 0/0
   730 | D:1      | Found a faded altar of an unknown god.
   955 | D:1      | Reached skill level 3 in Spellcasting
  1179 | D:1      | You are sucked into a shaft and drop 1 floor!
  1182 | D:2      | Reached skill level 1 in Fighting
  1182 | D:2      | Reached XP level 3. HP: 22/27 MP: 0/0
  1182 | D:2      | Learned a level 1 spell: Apportation
  1534 | D:2      | Reached XP level 4. HP: 28/32 MP: 0/0
  1746 | D:2      | Noticed Terence
  1774 | D:2      | Killed Terence
  2805 | D:2      | Found a runed translucent door.
  2806 | D:2      | Noticed Crazy Yiuf
  2827 | D:2      | Mangled by Crazy Yiuf

Illustrated notes

Levels and vault maps discovered:
D:1:      dpeg_arrival_refuge, layout_loops_ring, basic_ecumenical_altar,
          roderic_serpentine_path
D:2:      minmay_thinvault, layout_basic, uniq_sigmund, uniq_terence,
          uniq_crazy_yiuf_cottage

Skill      XL: |  1  2  3  4 |
---------------+-------------+-----
Spellcasting   | 3 |  3.6
Fighting       | 1 2 |  2.0
Dodging        | |  2.1
Stealth        | |  1.5

Action                   |  1- 3 |  4- 6 || total
-------------------------+-------+-------++-------
Melee: Short sword       |     8 |       ||     8
 Cast: Foxfire           |    25 |     6 ||    31
       Scorch            |    20 |    18 ||    38
       Inner Flame       |       |     3 ||     3
 Stab: Sleeping          |     1 |       ||     1
Armor: Robe              |     2 |     1 ||     3
Dodge: Dodged            |     9 |    10 ||    19

Table legend: (Time is in decaauts)
 A = Elapsed time spent in this place.
 B = Non-inter-level travel time spent in this place.
 C = Inter-level travel time spent in this place.
 D = Time resting spent in this place.
 E = Time spent auto-exploring this place.
 F = Levels seen in this place.
 G = Mean time per level.
                   A        B        C        D        E       F      G
               +--------+--------+--------+--------+--------+-----+--------+
         Total |   2827 |   2791 |     36 |      0 |   2516 |   2 | 1413.5 |
       Dungeon |   2827 |   2791 |     36 |      0 |   2516 |   2 | 1413.5 |
               +--------+--------+--------+--------+--------+-----+--------+

Top non-repeatable levels by time:
     D:2: 1647 daAuts
     D:1: 1179 daAuts
